General information
- name: BNet
- type: Ladder team game (AT/RT)
- host: Battle.net
- saver: AgentBloobhalls
map: Cherryville
- players: 8
- length: 41:51
- speed: Fast
- version: 1.26 W3XP
- replay type: Public
» download(267 KB)
Players
team 1 (loser)

»
goates (
teal | 51 APM | 975 actions | 18:59)
4 Far Seer
2 Feral Spirit
2 Chain Lighting
3 Shadow Hunter
2 Hex
1 Healing Wave
2 Tauren Chieftain
1 War Stomp
1 Endurance Aura
» actions
| Build / train | 51 | |
| Enter build submenu | 16 | |
| Enter hero's abilities submenu | 9 | |
| Give item / drop item | 3 | |
| Right click | 444 | |
| Select / deselect | 354 | |
| Use ability | 98 | |
975 total
» units
| Peon | 7 | |
| Grunt | 3 | |
| Wind Rider | 3 | |
| Goblin Shredder | 1 | |
| Troll Batrider | 6 | |
20 total
» upgrades
| Pillage | 1 | |
| Ranged Weapons | 1 | |
| Liquid Fire | 1 | |
3 total
» buildings
| Orc Burrow | 6 | |
| Altar of Storms | 1 | |
| Barracks | 1 | |
| War Mill | 1 | |
| Voodoo Lounge | 1 | |
| Stronghold | 1 | |
| Great Hall | 2 | |
| Beastiary | 2 | |
| Fortress | 1 | |
16 total
» build order
00:27 Orc Burrow
00:31 Altar of Storms
01:08 Barracks
01:19 War Mill
01:38 Orc Burrow
02:51 Voodoo Lounge
03:52 Stronghold
04:25 Orc Burrow
05:51 Great Hall
06:22 Beastiary
06:25 Beastiary
07:01 Orc Burrow
08:54 Fortress
10:51 Orc Burrow
10:59 Orc Burrow
18:25 Great Hall
» items
| Healing Salve | 4 | |
| Scroll of Town Portal | 5 | |
| Lesser Clarity Potion | 2 | |
| Orb of Lightning | 1 | |
| Boots of Speed | 1 | |
| Potion of Healing | 1 | |
14 total

»
KillahCDN (
blue | 30 APM | 1253 actions | 41:51)
4 Far Seer
2 Feral Spirit
2 Chain Lighting
3 Shadow Hunter
2 Healing Wave
1 Hex
» actions
| Assign group hotkey | 20 | |
| Basic commands | 35 | |
| Build / train | 62 | |
| Enter build submenu | 41 | |
| Enter hero's abilities submenu | 7 | |
| Right click | 479 | |
| Select / deselect | 292 | |
| Select group hotkey | 238 | |
| Use ability | 79 | |
1253 total
» units
| Peon | 13 | |
| Grunt | 8 | |
| Shaman | 4 | |
| Tauren | 9 | |
| Troll Batrider | 5 | |
39 total
» upgrades
| Armor | 3 | |
| Melee Weapons | 3 | |
| Shaman Training | 2 | |
| Pulverize | 1 | |
| Reinforced Defenses | 1 | |
10 total
» buildings
| Altar of Storms | 1 | |
| Barracks | 1 | |
| Orc Burrow | 11 | |
| War Mill | 2 | |
| Voodoo Lounge | 1 | |
| Stronghold | 1 | |
| Watch Tower | 14 | |
| Fortress | 1 | |
| Spirit Lodge | 1 | |
| Tauren Totem | 2 | |
| Great Hall | 1 | |
| Beastiary | 2 | |
38 total
» build order
00:38 Altar of Storms
00:54 Barracks
00:58 Orc Burrow
01:19 Orc Burrow
02:03 War Mill
02:33 Orc Burrow
02:44 Voodoo Lounge
03:30 Orc Burrow
04:36 Stronghold
05:31 Orc Burrow
06:34 Watch Tower
06:58 Fortress
07:03 Spirit Lodge
08:43 Watch Tower
08:48 Orc Burrow
09:59 Tauren Totem
13:07 Orc Burrow
16:27 Watch Tower
16:29 Watch Tower
16:31 Watch Tower
16:37 Watch Tower
16:40 Watch Tower
16:42 Watch Tower
16:44 Watch Tower
16:50 Watch Tower
19:53 Watch Tower
19:54 Watch Tower
22:13 Watch Tower
22:16 Watch Tower
27:57 War Mill
28:52 Great Hall
33:15 Tauren Totem
33:24 Beastiary
33:30 Beastiary
33:39 Orc Burrow
33:42 Orc Burrow
35:07 Orc Burrow
35:15 Orc Burrow
» items
| Healing Salve | 1 | |
| Scroll of Town Portal | 1 | |
2 total
AgentBloobhalls (
green | 51 APM | 2132 actions | 41:51)
10 Blademaster
3 Wind Walk
3 Critical Strike
1 Bladestorm
3 Mirror Image
» actions
| Assign group hotkey | 36 | |
| Basic commands | 99 | |
| Build / train | 80 | |
| Enter build submenu | 49 | |
| Enter hero's abilities submenu | 10 | |
| Give item / drop item | 11 | |
| Remove unit from queue | 20 | |
| Right click | 979 | |
| Select / deselect | 394 | |
| Select group hotkey | 314 | |
| Use ability | 140 | |
2132 total
» units
| Peon | 8 | |
| Grunt | 4 | |
| Goblin Shredder | 1 | |
| Goblin Sapper | 3 | |
| Wind Rider | 19 | |
| Troll Batrider | -15 | |
20 total
» upgrades
| Ranged Weapons | 3 | |
| Armor | 3 | |
| Reinforced Defenses | 1 | |
| Envenomed Spears | 1 | |
| Troll Regeneration | 1 | |
| Liquid Fire | 1 | |
10 total
» buildings
| Orc Burrow | 8 | |
| Altar of Storms | 1 | |
| Barracks | 1 | |
| Voodoo Lounge | 2 | |
| Stronghold | 5 | |
| War Mill | 2 | |
| Great Hall | 4 | |
| Watch Tower | 33 | |
| Beastiary | 4 | |
| Fortress | 2 | |
62 total
» build order
00:12 Orc Burrow
00:51 Altar of Storms
00:52 Barracks
01:05 Orc Burrow
01:58 Voodoo Lounge
02:51 Stronghold
02:51 Stronghold
02:52 Stronghold
04:07 Orc Burrow
04:15 War Mill
05:02 Great Hall
05:27 Watch Tower
05:28 Watch Tower
06:12 Watch Tower
06:13 Watch Tower
06:16 Watch Tower
06:30 Orc Burrow
06:48 Watch Tower
06:53 Watch Tower
08:37 Beastiary
08:39 Beastiary
09:24 Fortress
11:26 Beastiary
11:27 Beastiary
14:50 Watch Tower
14:51 Watch Tower
14:52 Watch Tower
14:54 Watch Tower
14:54 Watch Tower
14:55 Watch Tower
17:15 Watch Tower
17:16 Watch Tower
17:16 Watch Tower
17:17 Watch Tower
17:18 Watch Tower
17:18 Watch Tower
18:50 Great Hall
19:51 Orc Burrow
19:55 Orc Burrow
19:57 Orc Burrow
20:31 Great Hall
21:17 Watch Tower
21:17 Watch Tower
21:18 Watch Tower
23:31 Great Hall
23:36 Watch Tower
23:36 Watch Tower
23:36 Watch Tower
23:37 Watch Tower
23:38 Watch Tower
23:40 Watch Tower
23:40 Watch Tower
23:41 Watch Tower
23:41 Watch Tower
23:50 Stronghold
24:48 Watch Tower
24:48 Watch Tower
25:31 Voodoo Lounge
27:45 Fortress
30:46 Orc Burrow
38:54 War Mill
» items
| Healing Salve | 5 | |
| Boots of Speed | 1 | |
| Periapt of Vitality | 1 | |
| Scroll of Town Portal | 3 | |
| Lesser Clarity Potion | 1 | |
| Orb of Lightning | 1 | |
12 total
Mina_TheOne (
yellow | 55 APM | 1053 actions | 19:03)
3 Death Knight
1 Death Coil
1 Unholy Aura
1 Death Pact
1 Dark Ranger
1 Silence
» actions
| Assign group hotkey | 17 | |
| Basic commands | 56 | |
| Build / train | 57 | |
| ESC pressed | 4 | |
| Enter build submenu | 34 | |
| Enter hero's abilities submenu | 4 | |
| Right click | 365 | |
| Select / deselect | 413 | |
| Select group hotkey | 17 | |
| Use ability | 86 | |
1053 total
» units
| Acolyte | 9 | |
| Ghoul | 4 | |
| Crypt Fiend | 11 | |
| Gargoyle | 1 | |
| Obsidian Statue | 1 | |
| Goblin Shredder | 5 | |
31 total
» upgrades
| Backpack | 1 | |
| Creature Attack | 2 | |
| Creature Carapace | 2 | |
| Web | 1 | |
| Burrow | 1 | |
| Destroyer Form | 1 | |
8 total
» buildings
| Altar of Darkness | 1 | |
| Ziggurat | 7 | |
| Crypt | 2 | |
| Tomb of Relics | 1 | |
| Nerubian Tower | 3 | |
| Graveyard | 2 | |
| Halls of the Dead | 2 | |
| Spirit Tower | 3 | |
| Necropolis | 2 | |
| Black Citadel | 1 | |
| Slaughterhouse | 2 | |
26 total
» build order
00:17 Altar of Darkness
00:26 Ziggurat
00:40 Crypt
01:17 Tomb of Relics
01:34 Nerubian Tower
02:32 Graveyard
02:56 Ziggurat
03:28 Ziggurat
03:34 Graveyard
04:41 Halls of the Dead
04:41 Halls of the Dead
04:49 Crypt
06:26 Spirit Tower
09:44 Necropolis
09:53 Ziggurat
10:13 Ziggurat
10:51 Spirit Tower
10:54 Ziggurat
10:57 Ziggurat
11:03 Black Citadel
11:28 Spirit Tower
11:57 Slaughterhouse
12:18 Slaughterhouse
12:34 Nerubian Tower
12:35 Nerubian Tower
16:58 Necropolis
» items
| Rod of Necromancy | 1 | |
| Dust of Appearance | 1 | |
| Sacrificial Skull | 1 | |
3 total
team 2 (winner)
practising (
red | 129 APM | 3500 actions | 27:04)
5 Archmage
3 Summon Water Elemental
2 Brilliance Aura
3 Mountain King
2 Storm Bolt
1 Thunder Clap
» actions
| Assign group hotkey | 95 | |
| Basic commands | 268 | |
| Build / train | 138 | |
| Enter build submenu | 43 | |
| Enter hero's abilities submenu | 8 | |
| Give item / drop item | 5 | |
| Right click | 1237 | |
| Select / deselect | 462 | |
| Select group hotkey | 1068 | |
| Use ability | 176 | |
3500 total
» units
| Peasant | 31 | |
| Footman | 4 | |
| Assassin | 2 | |
| Goblin Shredder | 1 | |
| Gryphon Rider | 10 | |
| Priest | 7 | |
| Goblin Sapper | 1 | |
56 total
» upgrades
| Defend | 1 | |
| Masonry | 3 | |
| Lumber Harvesting | 2 | |
| Storm Hammers | 1 | |
| Armor | 3 | |
| Swords | 2 | |
| Priest Training | 2 | |
| Animal War Training | 1 | |
| Magic Sentry | 1 | |
16 total
» buildings
| Farm | 12 | |
| Altar of Kings | 3 | |
| Barracks | 1 | |
| Scout Tower | 13 | |
| Arcane Tower | 3 | |
| Town Hall | 1 | |
| Keep | 2 | |
| Lumber Mill | 3 | |
| Arcane Vault | 2 | |
| Blacksmith | 1 | |
| Guard Tower | 17 | |
| Castle | 1 | |
| Gryphon Aviary | 3 | |
| Arcane Sanctum | 1 | |
63 total
» build order
00:27 Farm
00:30 Altar of Kings
00:33 Barracks
00:59 Farm
01:45 Farm
01:59 Scout Tower
02:31 Arcane Tower
02:31 Arcane Tower
03:29 Town Hall
04:33 Keep
04:35 Lumber Mill
04:38 Arcane Vault
04:52 Lumber Mill
04:57 Lumber Mill
05:27 Farm
05:28 Farm
05:42 Scout Tower
05:44 Scout Tower
06:30 Blacksmith
06:39 Guard Tower
06:41 Farm
06:43 Farm
07:54 Castle
08:36 Gryphon Aviary
08:39 Gryphon Aviary
10:29 Gryphon Aviary
10:31 Arcane Sanctum
13:09 Farm
14:31 Farm
14:49 Guard Tower
14:50 Arcane Tower
14:52 Farm
18:20 Keep
19:08 Altar of Kings
19:24 Altar of Kings
20:24 Scout Tower
20:26 Scout Tower
20:47 Farm
20:49 Farm
20:55 Guard Tower
20:55 Guard Tower
21:27 Guard Tower
21:28 Scout Tower
21:30 Scout Tower
21:59 Guard Tower
21:59 Guard Tower
22:02 Scout Tower
23:35 Guard Tower
23:48 Arcane Vault
23:52 Scout Tower
23:53 Scout Tower
24:37 Guard Tower
24:37 Guard Tower
24:37 Guard Tower
24:40 Scout Tower
24:55 Guard Tower
25:09 Guard Tower
25:09 Guard Tower
25:09 Guard Tower
25:12 Scout Tower
25:15 Scout Tower
» items
| Scroll of Regeneration | 3 | |
| Lesser Clarity Potion | 1 | |
| Boots of Speed | 2 | |
| Periapt of Vitality | 1 | |
| Potion of Lesser Invulnerability | 1 | |
| Scroll of Town Portal | 2 | |
| Ivory Tower | 11 | |
21 total

»
olive_party (
orange | 33 APM | 1398 actions | 41:51)
3 Demon Hunter
1 Immolation
1 Mana Burn
1 Evasion
2 Keeper of the Grove
1 Entangling Roots
1 Thorns Aura
» actions
| Assign group hotkey | 26 | |
| Basic commands | 23 | |
| Build / train | 82 | |
| Enter build submenu | 20 | |
| Enter hero's abilities submenu | 5 | |
| Remove unit from queue | 4 | |
| Right click | 519 | |
| Select / deselect | 324 | |
| Select group hotkey | 316 | |
| Use ability | 76 | |
1398 total
» units
| Wisp | 19 | |
| Huntress | 6 | |
| Chimaera | 2 | |
| Hippogryph | 13 | |
| Archer | 1 | |
| Goblin Shredder | 2 | |
| Dragonhawk Rider | 5 | |
| Goblin Zeppelin | 1 | |
| Goblin Sapper | 2 | |
51 total
» upgrades
| Reinforced Hides | 3 | |
| Strength of the Wild | 3 | |
| Sentinel | 1 | |
| Well Spring | 1 | |
| Ultravision | 1 | |
| Nature's Blessing | 1 | |
| Marksmanship | 1 | |
| Improved Bows | 1 | |
| Strength of the Moon | 1 | |
13 total
» buildings
| Altar of Elders | 1 | |
| Moon Well | 7 | |
| Hunter's Hall | 1 | |
| Ancient of War | 1 | |
| Ancient of Wonders | 1 | |
| Tree of Ages | 1 | |
| Ancient Protector | 3 | |
| Tree of Eternity | 1 | |
| Ancient of Wind | 2 | |
| Chimaera Roost | 2 | |
| Tree of Life | 1 | |
21 total
» build order
00:12 Altar of Elders
00:23 Moon Well
01:33 Hunter's Hall
01:59 Ancient of War
02:32 Moon Well
02:46 Ancient of Wonders
03:28 Moon Well
03:32 Moon Well
03:38 Tree of Ages
05:45 Ancient Protector
07:42 Tree of Eternity
08:32 Ancient of Wind
08:36 Ancient Protector
10:17 Chimaera Roost
10:42 Chimaera Roost
10:58 Moon Well
11:02 Moon Well
11:08 Moon Well
13:32 Ancient Protector
15:15 Tree of Life
17:42 Ancient of Wind
» items
| Potion of Healing | 3 | |
| Scroll of Town Portal | 1 | |
| Orb of Venom | 1 | |
5 total

»
Corak1 (
pink | 48 APM | 1992 actions | 41:51)
5 Pandaren Brewmaster
3 Breath of Fire
2 Drunken Haze
3 Keeper of the Grove
2 Entangling Roots
1 Thorns Aura
3 Priestess of the Moon
2 Trueshot Aura
1 Scout
» actions
| Basic commands | 7 | |
| Build / train | 73 | |
| Enter build submenu | 20 | |
| Enter hero's abilities submenu | 11 | |
| Give item / drop item | 3 | |
| Right click | 1315 | |
| Select / deselect | 481 | |
| Use ability | 82 | |
1992 total
» units
» upgrades
| Strength of the Wild | 3 | |
| Corrosive Breath | 1 | |
| Reinforced Hides | 2 | |
6 total
» buildings
| Moon Well | 7 | |
| Ancient of War | 1 | |
| Altar of Elders | 1 | |
| Tree of Ages | 2 | |
| Tree of Life | 3 | |
| Tree of Eternity | 1 | |
| Ancient of Wind | 2 | |
| Chimaera Roost | 3 | |
| Ancient of Wonders | 1 | |
| Hunter's Hall | 1 | |
22 total
» build order
00:33 Moon Well
00:47 Ancient of War
01:15 Altar of Elders
01:22 Moon Well
02:40 Tree of Ages
02:41 Tree of Ages
03:11 Moon Well
04:06 Tree of Life
05:03 Tree of Eternity
05:32 Ancient of Wind
07:36 Chimaera Roost
07:37 Chimaera Roost
07:38 Chimaera Roost
07:44 Ancient of Wonders
07:46 Hunter's Hall
08:55 Moon Well
08:56 Moon Well
10:53 Moon Well
13:01 Tree of Life
15:16 Moon Well
18:02 Ancient of Wind
20:54 Tree of Life
» items
| Scroll of Town Portal | 2 | |
| Moonstone | 2 | |
4 total
BloodOnTheSnow (
purple | 99 APM | 4148 actions | 41:51)
8 Mountain King
3 Storm Bolt
3 Thunder Clap
1 Avatar
1 Bash
» actions
| Assign group hotkey | 192 | |
| Basic commands | 381 | |
| Build / train | 148 | |
| ESC pressed | 13 | |
| Enter build submenu | 58 | |
| Enter hero's abilities submenu | 8 | |
| Give item / drop item | 17 | |
| Right click | 1381 | |
| Select / deselect | 344 | |
| Select group hotkey | 1390 | |
| Use ability | 216 | |
4148 total
» units
| Peasant | 17 | |
| Footman | 5 | |
| Goblin Shredder | 3 | |
| Dragonhawk Rider | 7 | |
| Gryphon Rider | 5 | |
| Goblin Sapper | 4 | |
41 total
» upgrades
| Masonry | 3 | |
| Storm Hammers | 1 | |
| Cloud | 1 | |
| Swords | 3 | |
| Armor | 3 | |
| Animal War Training | 1 | |
12 total
» buildings
| Altar of Kings | 1 | |
| Barracks | 1 | |
| Farm | 12 | |
| Arcane Vault | 1 | |
| Lumber Mill | 2 | |
| Town Hall | 4 | |
| Keep | 4 | |
| Scout Tower | 31 | |
| Guard Tower | 31 | |
| Castle | 4 | |
| Gryphon Aviary | 4 | |
| Blacksmith | 2 | |
97 total
» build order
00:51 Altar of Kings
00:55 Barracks
00:57 Farm
01:05 Farm
01:06 Farm
01:44 Farm
02:09 Arcane Vault
02:13 Farm
02:45 Lumber Mill
03:52 Town Hall
05:31 Farm
05:37 Keep
05:40 Scout Tower
05:40 Scout Tower
05:41 Scout Tower
06:32 Guard Tower
06:32 Guard Tower
06:32 Guard Tower
06:34 Scout Tower
06:34 Scout Tower
06:37 Scout Tower
06:43 Scout Tower
06:44 Scout Tower
06:45 Scout Tower
06:46 Scout Tower
07:08 Guard Tower
07:19 Guard Tower
07:43 Guard Tower
08:00 Castle
08:00 Castle
08:18 Gryphon Aviary
08:21 Gryphon Aviary
08:29 Scout Tower
08:30 Scout Tower
08:31 Scout Tower
08:32 Scout Tower
08:36 Scout Tower
09:07 Guard Tower
09:07 Guard Tower
09:22 Scout Tower
09:22 Scout Tower
09:23 Scout Tower
09:24 Scout Tower
09:26 Scout Tower
09:26 Scout Tower
09:27 Scout Tower
09:58 Guard Tower
09:59 Guard Tower
09:59 Guard Tower
10:00 Guard Tower
10:00 Guard Tower
10:00 Guard Tower
10:35 Gryphon Aviary
10:36 Gryphon Aviary
10:50 Guard Tower
10:51 Guard Tower
10:59 Blacksmith
11:01 Blacksmith
16:05 Farm
16:05 Farm
16:08 Farm
16:09 Farm
16:37 Scout Tower
16:38 Scout Tower
16:39 Scout Tower
16:39 Scout Tower
16:40 Scout Tower
17:47 Guard Tower
17:47 Guard Tower
17:48 Guard Tower
17:52 Scout Tower
17:53 Scout Tower
17:54 Scout Tower
17:54 Scout Tower
18:31 Guard Tower
18:32 Guard Tower
19:27 Guard Tower
19:28 Guard Tower
19:28 Guard Tower
26:10 Keep
26:10 Keep
35:10 Town Hall
35:11 Farm
35:14 Farm
35:53 Town Hall
36:25 Town Hall
36:28 Lumber Mill
» items
| Scroll of Regeneration | 7 | |
| Boots of Speed | 1 | |
| Staff of Teleportation | 1 | |
| Lesser Clarity Potion | 3 | |
| Potion of Healing | 1 | |
| Scroll of Protection | 1 | |
| Scroll of Town Portal | 2 | |
| Staff of Sanctuary | 1 | |
| Orb of Venom | 1 | |
| Scroll of Healing | 1 | |
19 total
Chat log
(00:20 / All) AgentBloobhalls: you'll cowards don't even smoke crack
(01:14 / Allies) goates: units
(01:29 / Allies) KillahCDN: mass peons
(01:33 / Allies) KillahCDN: lol jk
(01:41 / Allies) AgentBloobhalls: You'll coward don't even smoke crack
(01:42 / Allies) KillahCDN: melee sham
(01:52 / Allies) goates: k
(01:58 / Allies) goates: gren units
(02:06 / Allies) KillahCDN: crack heads
(02:12 / Allies) AgentBloobhalls: You'll coward don't even smoke crack
(11:43 / All) AgentBloobhalls: nice mh
(11:52 / All) AgentBloobhalls: orange mh?
(12:01 / All) olive_party: no u retard
(12:09 / All) AgentBloobhalls: why u go straight for it and root?
(12:28 / All) olive_party: u just ignorant about the game
(12:38 / All) olive_party: they are called sentinels
(12:38 / All) AgentBloobhalls: the lady doth protest too much
(13:49 / Allies) Mina_TheOne: dang
(15:10 / Allies) KillahCDN: not eniugh aa
(16:56 / Allies) AgentBloobhalls: red base is wide open
(17:02 / Allies) Mina_TheOne: kk
(19:08 / All) AgentBloobhalls: ?
(19:12 / All) practising: bboom green you bitch
(19:14 / All) Corak1: owl scout
(19:19 / All) AgentBloobhalls: WHY DID THEY LEAVE i MEAN
(19:28 / All) practising: you focused on me
(19:30 / All) Corak1: we raped his base?
(19:31 / All) practising: whlie we wrecked them
(19:32 / All) BloodOnTheSnow: Fucking cowards every game
(19:33 / All) Corak1: hard
(21:42 / All) AgentBloobhalls: jesus fucking christ chims are bs
(21:54 / All) AgentBloobhalls: I can't even tp fast enough
(24:30 / All) AgentBloobhalls: chims and tanks are the msot bs units in the game
(27:03 / All) practising: gg guys
(27:04 / All) BloodOnTheSnow: I will pause so my team can leave
(27:04 / All) Corak1: kinda hilarious
(27:08 / All) BloodOnTheSnow: I'm perfectly calm
(27:10 / All) olive_party: hes terrible
(27:13 / All) BloodOnTheSnow: I just want my team to leave you know?
(27:14 / All) Corak1: and spamming caps lock
(27:17 / All) Corak1: and raging
(27:20 / All) BloodOnTheSnow: I pressed shift
(27:27 / All) AgentBloobhalls: This gonna be my expo, sorz
(28:28 / All) BloodOnTheSnow: Pink is alt tabbing after setting his own chim to kill his own potm
(28:30 / All) BloodOnTheSnow: A fine chimbot
(28:34 / All) BloodOnTheSnow: Helps me kill his own shit
(28:49 / All) AgentBloobhalls: how considerate
(31:26 / Allies) KillahCDN: yes?
(32:23 / All) AgentBloobhalls: Mass chims are BS
(32:27 / All) AgentBloobhalls: they hall in like 5 seconds
(32:36 / All) AgentBloobhalls: plus they rape ground
(35:33 / Allies) KillahCDN: wat
(35:34 / Allies) KillahCDN: green
(35:35 / Allies) KillahCDN: wat
(35:49 / All) AgentBloobhalls: Just business
(36:16 / Allies) KillahCDN: u dont want to win?\
(36:29 / Allies) AgentBloobhalls: Who said anything about that?
(36:37 / All) BloodOnTheSnow: From where you're all kneeling it must look like an 18-karat turn of bad luck
(36:38 / Allies) KillahCDN: then what r u tkin me
(36:40 / All) BloodOnTheSnow: But the truth is
(36:43 / All) BloodOnTheSnow: The game was rigged from the start
(36:47 / All) BloodOnTheSnow: Green and I are working together
(36:52 / All) KillahCDN: k
(36:53 / All) BloodOnTheSnow: We are going to kill everything, including our own units
(36:54 / All) olive_party: no shit sherlock
(36:55 / All) KillahCDN: so who wins
(36:58 / All) BloodOnTheSnow: You will have equal chances to win
(37:05 / All) BloodOnTheSnow: You will have to duke it out seeing who leaves first
(37:09 / All) BloodOnTheSnow: The last to leave, will leave victorious
(37:10 / All) olive_party: weirdos
(37:16 / All) KillahCDN: fuck sakes
(37:21 / All) KillahCDN: u immature cunt
(37:27 / All) olive_party: purple building hall in middle mine
(37:31 / All) olive_party: on right side
(37:37 / All) BloodOnTheSnow: LOL
(37:40 / All) BloodOnTheSnow: trying to instruct him
(37:51 / All) olive_party: 10 gryphs
(37:54 / All) olive_party: 5 hawks
(38:01 / All) KillahCDN: green has 12k gold
(38:04 / All) olive_party: a decent amount of aa should take it out
(38:07 / All) KillahCDN: 5k wood
(38:10 / All) BloodOnTheSnow: we're working together lol
(38:14 / All) BloodOnTheSnow: did either of you read anything I said?
(38:20 / All) BloodOnTheSnow: You will have to both stay ingame
(38:22 / All) BloodOnTheSnow: The best internet will win
(38:26 / All) olive_party: purp has 6k, 6 trees
(38:34 / All) KillahCDN: purp a noob
(38:37 / All) BloodOnTheSnow: wtf lol I exlained it to you two are you both retarded?
(38:41 / All) olive_party: hes awful
(38:45 / All) KillahCDN: yea
(38:51 / All) olive_party: u explained nothing other than your fucking insanity
(38:53 / All) BloodOnTheSnow: Tell your sob stories elsewhere
(38:59 / All) olive_party: miserable personality
(39:07 / All) KillahCDN: yea i feel sorry for them
(39:17 / All) AgentBloobhalls: You'll cowards don't even smoke crack
(39:33 / All) KillahCDN: must of had a problem with their child hood
(39:49 / All) KillahCDN: or they are still in their child hood
(40:05 / All) olive_party: all items open in middle mine
(40:08 / All) olive_party: go take blue
(40:15 / All) BloodOnTheSnow: Blue has 0 food dude
(40:18 / All) BloodOnTheSnow: are you both clueless?
(40:20 / All) BloodOnTheSnow: I explained the terms
(40:24 / All) KillahCDN: green tkd me
(40:31 / All) olive_party: nothing in the top right?
(40:33 / All) KillahCDN: cause i was too pow
(40:36 / All) BloodOnTheSnow: nope orange
(40:46 / All) BloodOnTheSnow: Almost forgot 1 farm
(41:02 / All) KillahCDN: so are u two gay for eachother
(41:08 / All) KillahCDN: is that what this is about
(41:16 / All) olive_party: i guess they use this in a chatroom
(41:43 / All) BloodOnTheSnow: Good luck everyone
(41:43 / All) KillahCDN: purp u suck
(41:44 / All) BloodOnTheSnow: Well
(41:48 / All) BloodOnTheSnow: Bad luck everyone
(41:50 / All) BloodOnTheSnow: I hate you all